cohdb
Replays
Latest Replays
All Replays
Popular Replays
Top Player Replays
Match Explorer
How It Works
Community
CoH3 Stats
Reddit
Sign in to upload your games and track your stats! →
Sign in with Steam
Match 45548419
Unlisted
Match 45548419
Overview
Messages
Build Orders
End
Kettenkrad Recon Vehicle
Construct Infanterie Kompanie
Grenadier Squad
Grenadier Squad
Grenadier Squad
Construct Luftwaffe Kompanie
Selects Mechanized Battlegroup
Selects Mechanized Battlegroup
Support Elements
Jäger Squad
Selects Mobile Repair Stations
Jäger Squad
Wirbelwind Flakpanzer
Kettenkrad Recon Vehicle
chmod 777
Nick
MAX
Yungstar89
0
0
Comments
sign in to comment!
No comments posted yet!